 Dungeon Crawl Stone Soup version 0.19-a0-1166-g02d67b9 (webtiles) character file.

46285 Gorice the Nimble (level 14, 0/79 HPs)
             Began as a Kobold Enchanter on Aug 12, 2016.
             Was the Champion of Hepliaklqana.
             Slain by a hell rat (2 damage)
             ... summoned by a deep elf mage
             ... on level 2 of the Orcish Mines on Aug 14, 2016.
             The game lasted 03:24:48 (27651 turns).

Gorice the Nimble (Kobold Enchanter)               Turns: 27651, Time: 03:24:48

Health: 0/79       AC: 18    Str:  9    XL:     14   Next: 75%
Magic:  5/33       EV: 20    Int: 20    God:    Hepliaklqana [******]
Gold:   1451       SH:  0    Dex: 19    Spells: 6 memorised, 14 levels left

rFire  . . .     SeeInvis .     a - +3 quick blade
rCold  . . .     Gourm    .     t - +4 ring mail
rNeg   . . .     Faith    .     (shield restricted)
rPois  .         Spirit   .     n - +1 helmet
rElec  .         Dismiss  +     q - +2 cloak
rCorr  .         Reflect  .     R - +0 pair of gloves
MR     +....     Harm     .     (no boots)
Stlth  +++.......               B - amulet of dismissal
                                r - +5 ring of intelligence
                                j - ring of magical power

@: lethally poisoned (0 -> -10), very slightly contaminated, drained
A: agile 1, carnivore 3, regeneration 1
a: Recall Ancestor, Ancestor Identity, Transference, Idealise, Renounce Religion


You were on level 2 of the Orcish Mines.
You worshipped Hepliaklqana.
Hepliaklqana was exalted by your worship.
You were completely stuffed.

You visited 4 branches of the dungeon, and saw 20 of its levels.
You also visited: Ossuary and Bailey.

You collected 1669 gold pieces.
You spent 218 gold pieces at shops.

Inventory:

Hand Weapons
 a - a +3 quick blade (weapon)
 b - a +1 dagger of venom
   (You took it off an orc wizard on level 9 of the Dungeon)
Missiles
 c - 7 tomahawks
 S - 70 tomahawks of returning
 T - 2 poisoned tomahawks (quivered)
 Y - a throwing net
Armour
 n - a +1 helmet (worn)
 q - a +2 cloak (worn)
 t - a +4 ring mail (worn)
 R - a +0 pair of gloves (worn)
Jewellery
 e - an uncursed ring of fire
 j - a ring of magical power (left hand)
 r - a +5 ring of intelligence (right hand)
 B - an amulet of dismissal (around neck)
 P - an uncursed ring of see invisible
 X - an uncursed ring of poison resistance
Wands
 g - a wand of digging (8/24)
 h - a wand of disintegration (8/24)
 m - a wand of disintegration (2/24)
 u - a wand of flame (20/48)
 w - a wand of lightning (8/15)
 D - a wand of polymorph (11/24)
Scrolls
 f - 4 scrolls of teleportation {!r}
 o - 2 scrolls of blinking
 z - 5 scrolls of fog
 K - 8 scrolls of remove curse
Potions
 i - 2 potions of heal wounds {!q}
 k - 10 potions of curing
 l - a potion of haste {!q}
 s - 2 potions of resistance {!q}
 A - 2 potions of might {!q}
 C - 4 potions of magic {!q}
 G - a potion of ambrosia
 I - 4 potions of berserk rage
 N - a potion of invisibility {unknown}
 W - 3 potions of cancellation {!q}
Comestibles
 d - 17 meat rations {!e}
 x - 6 beef jerkies


   Skills:
 - Level 10.0(9.5) Fighting
 - Level 10.1(9.7) Short Blades
 - Level 8.0(7.6) Throwing
 - Level 10.0(9.5) Armour
 - Level 10.4(9.9) Dodging
 - Level 6.6(6.1) Stealth
 - Level 7.0(6.6) Spellcasting
 + Level 4.2(3.8) Conjurations
 - Level 10.0(9.5) Hexes
 + Level 6.2(5.8) Invocations


You had 14 spell levels left.
You knew the following spells:

 Your Spells              Type           Power        Failure   Level  Hunger
a - Corona                Hex            #####..      1%          1    None
b - Confuse               Hex            #####...     1%          3    #......
c - Ensorcelled Hibernat  Hex/Ice        ####..       6%          2    None
d - Tukima's Dance        Hex            #####...     1%          3    #......
e - Dazzling Spray        Conj/Hex       ####..       6%          3    #......
f - Confusing Touch       Hex            #####.       1%          1    None


Dungeon Overview and Level Annotations

Branches:
Dungeon (11/15)            Temple (1/1) D:4            Lair (6/6) D:11
 Shoals (0/4) Lair:3       Spider (0/4) Lair:4        Slime (0/5) Lair:6
    Orc (2/2) D:9             Elf (0/3) Orc:2

Altars:
Ashenzari
Cheibriados
Dithmenos
Elyvilon
Fedhas
Gozag
Hepliaklqana
Kikubaaqudgha
Makhleb
Nemelex Xobeh
Okawaru
Pakellas
Qazlal
Ru
Sif Muna
Trog
Uskayaw
Vehumet
Xom
Yredelemnul
Zin
The Shining One

Shops:
D:4 %}([

Annotations:
Lair:6 pUX...


Innate Abilities, Weirdness & Mutations

You are small and have problems with some larger weapons.
You are carnivorous and can eat meat at any time.
You are agile. (Dex +2)
Your natural rate of healing is unusually fast.


Message History

The deep elf mage is no longer blind.
The hell rat bites you.
* * * LOW HITPOINT WARNING * * *
The deep elf mage completely misses you.
The deep elf mage mumbles some strange words.
The deep elf mage blinks!
The orange demon completely misses you.
The earth elemental completely misses you.
Damage: 1 (max 28)
You hit the deep elf mage.
The deep elf mage is severely wounded.
You hit the deep elf mage.
The deep elf mage is severely wounded.
The hell rat bites you but does no damage.
You hit the deep elf mage.
The deep elf mage is almost dead.
The deep elf mage hits you with a long sword.
* * * LOW HITPOINT WARNING * * *
A deep elf mage comes into view. It is wielding a dagger.
Damage: 1 (max 28)
You miss the deep elf mage.
The deep elf mage is almost dead.
The orange demon stings you from afar!
* * * LOW HITPOINT WARNING * * *
You are poisoned.
The orange demon poisons you!
The hell rat bites you but does no damage.
Damage: 10 (max 28)
The deep elf mage shouts!
You puncture the deep elf mage!
You kill the deep elf mage!
The earth elemental disappears in a puff of smoke! x2
You feel sick.
Damage: 1 (max 28) Unknown command.
You hit the hell rat but do no damage.
The hell rat is heavily wounded.
You feel sick.
The deep elf mage gestures wildly while chanting.
The deep elf mage blinks!
Damage: 1 (max 28)
The demonic crawler gives a hideous shriek!
You hit the hell rat but do no damage.
The hell rat is heavily wounded.
The orange demon misses you.
Unknown command.
You hit the hell rat but do no damage.
The hell rat is heavily wounded.
You feel sick. The hell rat bites you!
* * * LOW HITPOINT WARNING * * *
You feel drained.
You die...

.........##........
.#......##.......#
...........e.##.##
......#......#...#
..........s...#.##
......#.#...§)e§##
.......#..e..e4..#
..).....#....##sr##
.............##)@.#
.......e....####§##
......###..## ###
......###...#
.......###.##
....#..# ###
...##...# #.####.##
### .#


You could see a demonic crawler, an orange demon, 3 deep elf magi, a jumping
spider and a hell rat.

Vanquished Creatures
  Snorg (Lair:3)
  An ettin (Orc:2)
  4 hydras
  Erolcha (Orc:1)
  Nergalle (D:11)
  An unseen horror (D:10)
  A sea snake (Lair:6)
  2 harpies (Lair:6)
  An orb spider (Lair:4)
  2 orc knights
  A hill giant (D:10)
  An orc sorcerer (Orc:1)
  3 deep elf magi
  A black mamba (Lair:6)
  12 elephants
  A centaur skeleton (D:11)
  Psyche (D:8)
  12 spiny frogs
  3 rime drakes (Lair:6)
  4 komodo dragons
  The ghost of WhatIsLove the Ducker, a novice TeGl of Kikubaaqudgha (D:4)
  3 trolls
  A wind drake (Lair:6)
  A two-headed ogre (Orc:2)
  6 polar bears
  10 blink frogs
  2 wyverns
  23 yaks
  8 hippogriffs
  3 basilisks
  A soldier ant (D:10)
  A warg (Orc:1)
  11 porcupines
  8 water moccasins
  6 orc warriors
  3 black bears (Lair:1)
  An eye of draining (D:9)
  An ice beast (D:9)
  3 wasps
  A phantom (D:5)
  2 sky beasts (D:9)
  7 wolves
  3 ogres
  6 centaurs
  12 crocodiles
  3 big kobolds
  14 giant frogs
  A wyvern zombie (D:11)
  13 scorpions
  5 killer bees (D:11)
  6 wights
  An electric eel (Lair:2)
  5 howler monkeys
  A hexer (Lair:1)
  A lava snake (Lair:4)
  A quasit (D:6)
  A centaur zombie (Ossuary)
  2 crimson imps
  A human zombie (Ossuary)
  3 hounds
  10 orc priests
  6 jellies
  10 orc wizards
  An iron imp (D:9)
  A giant frog skeleton (D:10)
  A gnoll shaman (D:10)
  11 iguanas
  Ijyb (D:3)
  4 worker ants
  Natasha (thrice) (D:3)
  14 sheep
  A hound zombie (D:11)
  3 mummies (Ossuary)
  Robin (D:3)
  17 gnolls
  2 worker ant zombies
  A scorpion zombie (Ossuary)
  12 adders
  19 river rats
  2 oozes
  2 adder skeletons
  3 worms
  4 dart slugs
  5 giant geckos
  36 orcs
  2 ball pythons (D:3)
  15 bats
  4 giant cockroaches
  A gnoll zombie (Ossuary)
  55 goblins
  31 hobgoblins
  8 jackals
  6 quokkas
  A ball python skeleton (D:4)
  A giant gecko skeleton (D:4)
  8 giant newts
  A hobgoblin zombie (Ossuary)
  21 kobolds
  2 orc zombies (Ossuary)
  A quokka skeleton (D:5)
  A quokka zombie (D:5)
  17 rats
  A fungus (Lair:1)
582 creatures vanquished.

Vanquished Creatures (collateral kills)
  A centaur skeleton (D:10)
  A gargoyle (D:11)
  A komodo dragon (Lair:6)
  A rime drake (Lair:6)
  A polar bear (Lair:6)
  A two-headed ogre (Orc:2)
  8 blink frogs
  2 yaks
  A wyvern (D:10)
  A hippogriff (Lair:4)
  2 water moccasins (Lair:6)
  2 porcupines
  2 orc warriors
  A phantom (D:5)
  3 wolves (Lair:4)
  4 ogres
  A centaur (D:5)
  3 crocodiles
  A giant frog (Lair:2)
  4 scorpions (Ossuary)
  A killer bee (D:11)
  A wight (D:10)
  2 crimson imps
  A centaur zombie (Ossuary)
  A human zombie (Ossuary)
  2 orc priests
  3 orc wizards
  A worker ant (D:8)
  2 sheep (Lair:5)
  A big kobold zombie (Ossuary)
  9 gnolls
  2 scorpion zombies (Ossuary)
  7 river rats
  2 shadow imps (D:5)
  2 giant geckos (D:5)
  18 orcs
  A giant cockroach (D:4)
  6 hobgoblins (Bailey)
  A jackal (D:3)
  3 quokkas
  2 giant newts
  A goblin zombie (Ossuary)
  6 kobolds
  An orc zombie (Ossuary)
  A quokka skeleton (D:6)
  2 rats
  A fungus (Lair:6)
  A plant (Lair:6)
122 creatures vanquished.

Vanquished Creatures (others)
  4 dancing weapons
  6 hexers
  An ancestor (Bailey)
  2 orcs
  A quokka (D:3)
  3 fungi (Lair:6)
  13 plants (Lair:6)
30 creatures vanquished.

Grand Total: 734 creatures vanquished

Notes
Turn   | Place    | Note
-------+----------+-------------------------------------------
     0 | D:1      | Gorice the Kobold Enchanter began the quest for the Orb.
     0 | D:1      | Reached XP level 1. HP: 10/10 MP: 3/3
    70 | D:1      | HP: 3/10 [hobgoblin (5)]
    71 | D:1      | HP: 1/10 [hobgoblin (2)]
   113 | D:1      | HP: 1/10 [rat (1)]
   626 | D:1      | Reached skill level 2 in Short Blades
   646 | D:1      | Reached XP level 2. HP: 15/15 MP: 3/5
   752 | D:1      | HP: 4/15 [jackal (2)]
  1102 | D:1      | Reached XP level 3. HP: 15/19 MP: 3/6
  1191 | D:1      | Reached skill level 3 in Short Blades
  2209 | D:2      | Reached XP level 4. HP: 24/24 MP: 5/7
  2425 | D:2      | Reached skill level 4 in Short Blades
  2547 | D:2      | Found a sacrificial altar of Ru.
  2547 | D:2      | Found a glowing golden altar of the Shining One.
  2742 | D:2      | Learned a level 3 spell: Confuse
  2959 | D:3      | Noticed Robin
  2965 | D:3      | Noticed Natasha
  3366 | D:3      | Killed Natasha
  3366 | D:3      | Reached skill level 4 in Hexes
  3366 | D:3      | Reached XP level 5. HP: 25/28 MP: 4/8
  3622 | D:3      | Killed Robin
  3622 | D:3      | Reached skill level 5 in Short Blades
  3711 | D:3      | Found a shattered altar of Ashenzari.
  3715 | D:3      | Found a white marble altar of Elyvilon.
  3749 | D:3      | Noticed Natasha
  3758 | D:3      | Killed Natasha
  3758 | D:3      | Noticed Natasha
  3868 | D:3      | Killed Natasha
  3893 | D:3      | Reached XP level 6. HP: 32/32 MP: 3/9
  4005 | D:3      | Reached skill level 6 in Short Blades
  4348 | D:3      | HP: 7/32 [hobgoblin/sling bullet (7)]
  4666 | D:3      | Noticed Ijyb
  4697 | D:3      | Killed Ijyb
  6022 | D:2      | HP: 8/32 [big kobold/dagger (7)]
  6048 | D:2      | HP: 7/32 [big kobold/dagger (3)]
  6116 | D:1      | Learned a level 2 spell: Ensorcelled Hibernation
  6465 | D:3      | Reached skill level 5 in Hexes
  6767 | D:2      | Reached XP level 7. HP: 30/36 MP: 6/10
  6970 | D:3      | Reached skill level 7 in Short Blades
  7299 | D:4      | Found Qexaf's Weapon Shop.
  7325 | D:4      | Noticed WhatIsLove's ghost (novice TeGl)
  7331 | D:4      | Found Soabej's Gadget Emporium.
  7460 | D:4      | Found Inijin's Antique Armour Shoppe.
  7516 | D:4      | Found Cez Dio's Food Shoppe.
  7583 | D:4      | Found a staircase to the Ecumenical Temple.
  7593 | D:4      | Got a ripped robe
  7646 | Temple   | Entered the Ecumenical Temple
  7786 | Temple   | Became a worshipper of Hepliaklqana
  8061 | D:4      | HP: 8/32 [orc wizard/magic dart (9)]
  8557 | D:3      | Reached skill level 6 in Hexes
  8854 | D:5      | Entered Level 5 of the Dungeon
  8920 | D:5      | Reached XP level 8. HP: 15/36 MP: 2/11
  9153 | D:5      | HP: 7/36 [phantom (6)]
  9169 | D:5      | Reached skill level 8 in Short Blades
  9169 | D:5      | Reached skill level 7 in Hexes
  9609 | D:5      | HP: 10/36 [orc/whip of freezing (8)]
  9610 | D:5      | HP: 4/36 [shadow imp (4)]
  9834 | D:5      | Learned a level 3 spell: Tukima's Dance
 10108 | D:5      | Found an opulent altar of Gozag.
 10403 | D:6      | Found a hide-covered altar of Uskayaw.
 10475 | D:6      | Reached * piety under Hepliaklqana
 10742 | D:6      | Reached skill level 8 in Hexes
 10796 | D:6      | Found a radiant altar of Vehumet.
 10803 | D:6      | Found a sand-covered staircase.
 10816 | Ossuary  | Entered an ossuary
 10896 | Ossuary  | Reached skill level 9 in Short Blades
 10901 | Ossuary  | HP: 9/36 [scorpion (3)]
 10905 | Ossuary  | Reached XP level 9. HP: 10/40 MP: 6/12
 11260 | Ossuary  | HP: 11/40 [scorpion zombie (3)]
 11264 | Ossuary  | HP: 1/40 [scorpion zombie (7)]
 11374 | Ossuary  | Reached skill level 9 in Hexes
 12033 | D:6      | Noticed a dagger
 12033 | D:6      | Noticed a dagger
 12150 | D:4      | Killed WhatIsLove's ghost
 12150 | D:4      | Reached skill level 10 in Short Blades
 12150 | D:4      | Reached skill level 10 in Hexes
 12190 | D:4      | Bought a heavily runed leather armour for 133 gold pieces
 12190 | D:4      | Bought a pair of gloves for 85 gold pieces
 12206 | D:4      | Identified the +0 robe "Voomnough" {rF+ MR- SInv} (You found it on level 4 of the Dungeon)
 12216 | D:4      | Identified the cursed +0 leather armour "Kom Qajo" {rCorr Str+4} (You bought it in a shop on level 4 of the Dungeon)
 12753 | D:6      | Found a bloodstained altar of Trog.
 12911 | D:7      | Reached skill level 1 in Fighting
 12984 | D:7      | Found a burning altar of Makhleb.
 13224 | D:7      | Found a flagged portal.
 13231 | Bailey   | Entered a bailey
 13295 | Bailey   | Reached skill level 2 in Fighting
 13343 | Bailey   | Reached skill level 5 in Stealth
 13434 | Bailey   | HP: 5/43 [gnoll/halberd of electrocution (14)]
 13730 | Bailey   | Noticed an orc knight
 13830 | Bailey   | HP: 2/43 [gnoll/halberd of electrocution (15)]
 13836 | Bailey   | Killed an orc knight
 13836 | Bailey   | Reached skill level 3 in Fighting
 13836 | Bailey   | Reached skill level 6 in Stealth
 13836 | Bailey   | Reached XP level 10. HP: 39/50 MP: 10/13
 13852 | Bailey   | Upgraded the game from 0.19-a0-1127-gac58878 to 0.19-a0-1155-gb6eeeff
 14119 | D:7      | Reached skill level 4 in Fighting
 14119 | D:7      | Reached skill level 3 in Dodging
 14188 | D:7      | Gained mutation: Your natural rate of healing is unusually fast. [potion of beneficial mutation]
 14189 | D:7      | Gained mutation: You are agile. (Dex +2) [potion of beneficial mutation]
 14427 | D:7      | Reached skill level 4 in Dodging
 14441 | D:7      | Reached skill level 5 in Fighting
 14717 | D:7      | Reached ** piety under Hepliaklqana
 14718 | D:7      | Remembered your ancestor Matia as a hexer
 14758 | D:7      | Found a deep blue altar of Sif Muna.
 14878 | D:7      | Found a blossoming altar of Fedhas.
 14986 | D:7      | Learned a level 3 spell: Dazzling Spray
 14989 | D:7      | Identified a scroll of acquirement
 15158 | D:8      | Found a stormy altar of Qazlal.
 15267 | D:8      | Noticed Psyche
 15270 | D:8      | Reached skill level 5 in Dodging
 15281 | D:8      | Killed Psyche
 15294 | D:8      | You fall through a shaft!
 15308 | D:9      | Reached skill level 6 in Fighting
 15492 | D:9      | Reached skill level 6 in Dodging
 15980 | D:9      | Reached skill level 7 in Fighting
 15980 | D:9      | Reached skill level 7 in Dodging
 16008 | D:9      | Found a snail-covered altar of Cheibriados.
 16075 | D:9      | Found an iron altar of Okawaru.
 16310 | D:9      | Reached XP level 11. HP: 36/60 MP: 7/14
 16646 | D:9      | Found a staircase to the Orcish Mines.
 16654 | D:9      | Reached skill level 8 in Dodging
 16813 | D:8      | Noticed a deep elf mage
 16891 | D:8      | Killed a deep elf mage
 16891 | D:8      | Reached skill level 8 in Fighting
 16899 | D:8      | Reached *** piety under Hepliaklqana
 17341 | D:8      | You fall through a shaft for 3 floors!
 17376 | D:11     | Reached skill level 9 in Dodging
 17707 | D:11     | Found a staircase to the Lair.
 17710 | D:11     | Reached skill level 9 in Fighting
 17770 | Lair:1   | Entered Level 1 of the Lair of Beasts
 18274 | D:10     | Entered Level 10 of the Dungeon
 18293 | D:10     | Reached skill level 10 in Dodging
 18516 | D:10     | Reached skill level 10 in Fighting
 18690 | D:10     | Noticed an unseen horror
 18696 | D:10     | Killed an unseen horror
 18696 | D:10     | Reached skill level 1 in Armour
 18764 | D:10     | Reached skill level 3 in Spellcasting
 18799 | D:10     | Reached XP level 12. HP: 69/69 MP: 16/16
 18896 | D:10     | Reached skill level 2 in Armour
 19213 | Lair:1   | Reached skill level 4 in Spellcasting
 19244 | Lair:1   | Reached skill level 3 in Armour
 19285 | Lair:1   | Noticed an eight-headed hydra
 19287 | Lair:1   | Noticed Nergalle
 19305 | Lair:1   | Killed an eight-headed hydra
 19446 | D:11     | Reached skill level 5 in Spellcasting
 19542 | D:11     | Killed Nergalle
 19542 | D:11     | Reached skill level 4 in Armour
 19744 | Lair:1   | Reached **** piety under Hepliaklqana
 19936 | Lair:1   | Reached skill level 6 in Spellcasting
 20025 | Lair:1   | Reached skill level 5 in Armour
 20792 | Lair:2   | Reached ***** piety under Hepliaklqana
 21055 | Lair:1   | Reached skill level 7 in Spellcasting
 21213 | Lair:1   | Reached XP level 13. HP: 73/73 MP: 20/23
 21215 | Lair:1   | Reached skill level 6 in Armour
 21271 | Lair:2   | Reached skill level 1 in Throwing
 21796 | Lair:3   | Reached skill level 2 in Throwing
 22127 | Lair:3   | Noticed Snorg
 22134 | Lair:3   | Killed Snorg
 22134 | Lair:3   | Reached skill level 3 in Throwing
 22134 | Lair:3   | Reached skill level 7 in Armour
 22150 | Lair:3   | Found a staircase to the Shoals.
 22633 | Lair:3   | Reached skill level 4 in Throwing
 22877 | Lair:4   | Reached skill level 8 in Armour
 22979 | Lair:4   | Reached skill level 5 in Throwing
 23590 | Lair:4   | Reached skill level 9 in Armour
 23692 | Lair:4   | Reached skill level 6 in Throwing
 23881 | Lair:4   | Found a hole to the Spider Nest.
 23967 | Lair:4   | Noticed an eight-headed hydra
 23982 | Lair:4   | Killed an eight-headed hydra
 24189 | Lair:5   | Noticed an eight-headed hydra
 24216 | Lair:5   | Killed an eight-headed hydra
 24216 | Lair:5   | Reached XP level 14. HP: 70/79 MP: 23/24
 24483 | Lair:5   | Reached ****** piety under Hepliaklqana
 24831 | Lair:6   | Entered Level 6 of the Lair of Beasts
 24944 | Lair:6   | Reached skill level 7 in Throwing
 25045 | Lair:6   | Upgraded the game from 0.19-a0-1155-gb6eeeff to 0.19-a0-1166-g02d67b9
 25130 | Lair:6   | Reached skill level 10 in Armour
 25177 | Lair:6   | Reached skill level 1 in Invocations
 25393 | Lair:6   | Reached skill level 2 in Invocations
 25634 | Lair:6   | Reached skill level 8 in Throwing
 25724 | Lair:6   | Reached skill level 3 in Invocations
 25857 | Lair:6   | Reached skill level 1 in Conjurations
 26011 | Lair:6   | Reached skill level 2 in Conjurations
 26011 | Lair:6   | Reached skill level 4 in Invocations
 26031 | Lair:6   | Found a staircase to the Slime Pits.
 26287 | Lair:6   | HP: 17/79 [rime drake/flash freeze (13)]
 26640 | Lair:6   | Reached skill level 3 in Conjurations
 26645 | Lair:6   | Reached skill level 5 in Invocations
 26661 | Lair:6   | HP: 23/79 [poisoned by a sea snake]
 26802 | Lair:1   | Learned a level 1 spell: Confusing Touch
 26950 | Orc:1    | Entered Level 1 of the Orcish Mines
 26952 | Orc:1    | Paralysed by an orc sorcerer for 3 turns
 27057 | Orc:2    | Entered Level 2 of the Orcish Mines
 27205 | Orc:1    | Noticed Erolcha
 27222 | Orc:1    | Killed Erolcha
 27505 | Orc:2    | Found a staircase to the Elven Halls.
 27524 | Orc:2    | Reached skill level 6 in Invocations
 27621 | Orc:2    | Reached skill level 4 in Conjurations
 27647 | Orc:2    | HP: 20/79 [orange demon[a deep elf mage] (10)]
 27651 | Orc:2    | HP: 2/79 [hell rat[a deep elf mage] (15)]
 27651 | Orc:2    | Slain by a hell rat

Vault maps used:
D:1:      dpeg_arrival_snail, minmay_misc_feat_cross, grunt_decor_mini_mirrors
D:2:      amethyst_overflow_temple_binary
D:3:      minmay_goblin_kobold_castle, evilmike_ruin_ashenzari,
          elyvilon_altar_4, first_bread, minmay_quantized, uniq_iyjb,
          uniq_robin, uniq_natasha
D:4:      minmay_wonky_spiral, serial_shops, nicolae_shop_stone,
          nicolae_shop_behind_doors, kennysheep_mini, nicolae_shop_stone
D:5:      kennysheep_mini_moat
D:6:      lemuel_round_altar, dancing_weapons_uskayaw,
          nicolae_ossuary_entry_monument, basic_altar
D:7:      lemuel_round_altar, led_sif_pool, fedhas_altar_4, enter_bailey_2
D:8:      grunt_qazlal_clouds, blue_anna_alchemist, trog_hazing_becter,
          uniq_psyche
D:9:      slow_altar_2, old_standard_altar, orc_0_dummy
D:11:     grunt_lair_entry_orc_guard_hut
Temple:   nicolae_temple_figure_zero
Lair:1:   beast_lair_carwin_large_2, uniq_nergalle
Lair:2:   wad_woods_road_03, serial_bayou_shore_a
Lair:3:   minmay_shoals_entry_centaurs, uniq_snorg
Lair:4:   nicolae_spider_entry_orb_guardian, lab_entry_generic,
          lemuel_another_geyser, infiniplex_staircase_pool_2
Lair:5:   wad_woods_road_05
Lair:6:   gammafunk_lair_ancient_temple, nicolae_slime_entry_slimehenge,
          serial_forest, infiniplex_forest_clump_double,
          infiniplex_forest_clump_medium, infiniplex_forest_end_2,
          infiniplex_forest_fountain, infiniplex_forest_lined_2,
          infiniplex_forest_lined_3_way, infiniplex_forest_clump_long,
          infiniplex_forest_lined_2, infiniplex_forest_lined_room_2,
          minivault_24
Orc:1:    uniq_erolcha
Orc:2:    st_orc_mages, serial_shops, nicolae_shop_stone, shop_fountains,
          elves_outpost_lemuel
Ossuary:  ossuary_minmay_scorpions
Bailey:   bailey_axe_2, bailey

Skill      XL: |  1  2  3  4  5  6  7  8  9 10 11 12 13 14 |
---------------+-------------------------------------------+-----
Short Blades   | 2 3 4 5 6 7 9 10 | 10.1
Hexes          | 4 5 6 8 10 | 10.0
Fighting       | 3 7 10 | 10.0
Stealth        | 6 |  6.6
Dodging        | 7 10 | 10.4
Armour         | 1 5 9 10 | 10.0
Spellcasting   | 3 7 |  7.0
Throwing       | 6 8 |  8.0
Invocations    | 6 |  6.2
Conjurations   | 4 |  4.2

Action                   |  1- 3 |  4- 6 |  7- 9 | 10-12 | 13-15 || total
-------------------------+-------+-------+-------+-------+-------++-------
Melee: Dagger            |   137 |   335 |   539 |    88 |       ||  1099
       Quick blade       |       |       |       |   756 |   915 ||  1671
       Unarmed           |       |       |       |       |     3 ||     3
 Fire: Hunting sling     |       |    52 |       |       |       ||    52
Throw: Stone             |       |     4 |       |       |       ||     4
       Tomahawk          |       |     1 |     7 |     5 |     2 ||    15
 Cast: Corona            |    35 |    84 |    88 |    61 |    16 ||   284
       Confuse           |       |    21 |    57 |   166 |   162 ||   406
       Tukima's Dance    |       |       |    14 |    19 |       ||    33
       Ensorcelled Hiber |       |       |       |       |     8 ||     8
       Dazzling Spray    |       |       |       |       |    60 ||    60
       Confusing Touch   |       |       |       |       |     2 ||     2
Invok: Recall Ancestor   |       |       |     5 |     8 |     3 ||    16
       Ancestor Life: He |       |       |       |     1 |       ||     1
       Transference      |       |       |       |       |     1 ||     1
Evoke: Wand              |       |       |       |       |     1 ||     1
  Use: Potion            |     1 |       |     4 |     2 |     3 ||    10
       Scroll            |       |     9 |    10 |     9 |    10 ||    38
 Stab: Sleeping          |     8 |    10 |    16 |    24 |    20 ||    78
       Confused          |       |     9 |    22 |   109 |   100 ||   240
       Distracted        |       |     1 |     3 |    13 |     2 ||    19
       Held in net/web   |       |       |       |       |     1 ||     1
       Invisible         |       |       |       |       |    34 ||    34
  Eat: Chunk             |    13 |    19 |    38 |    43 |    26 ||   139
Armor: Robe              |    26 |    98 |    56 |       |       ||   180
       Leather armour    |       |       |     9 |    18 |       ||    27
       Ring mail         |       |       |       |    67 |   133 ||   200
Dodge: Dodged            |   104 |   297 |   300 |   403 |   485 ||  1589

Table legend:
 A = Turns spent in this place as a percentage of turns spent in the entire game.
 B = Non-inter-level travel turns spent in this place as a percentage of non-inter-level travel turns spent in the entire game.
 C = Inter-level travel turns spent in this place as a percentage of turns spent in this place.
 D = Turns resting spent in this place as a percentage of non-inter-level travel turns spent in this place.
 E = Turns spent auto-exploring this place as a percentage of non-inter-level travel turns spent in this place.
 F = Non-inter-level travel turns spent in this place divided by the number of levels of this place that you've seen.
                   A       B       C       D       E      F
               +-------+-------+-------+-------+-------+----------------------
         Total | 100.0 | 100.0 |   0.4 |   1.9 |   2.8 | 565.9
       Dungeon |  57.7 |  57.7 |   0.5 |   2.4 |   3.1 | 652.7
        Temple |   0.4 |   0.4 |   1.9 |   0.0 |  17.3 |  52.0
          Lair |  30.5 |  30.5 |   0.3 |   0.9 |   3.0 | 632.7
  Orcish Mines |   3.8 |   3.8 |   0.4 |   0.0 |   1.1 | 235.0
       Ossuary |   3.4 |   3.5 |   0.0 |   4.9 |   0.2 | 431.0
        Bailey |   4.2 |   4.2 |   0.0 |   2.1 |   0.2 | 520.0
               +-------+-------+-------+-------+-------+----------------------

Vault maps used:
D:1:      dpeg_arrival_snail, minmay_misc_feat_cross, grunt_decor_mini_mirrors
D:2:      amethyst_overflow_temple_binary
D:3:      minmay_goblin_kobold_castle, evilmike_ruin_ashenzari,
          elyvilon_altar_4, first_bread, minmay_quantized, uniq_iyjb,
          uniq_robin, uniq_natasha
D:4:      minmay_wonky_spiral, serial_shops, nicolae_shop_stone,
          nicolae_shop_behind_doors, kennysheep_mini, nicolae_shop_stone
D:5:      kennysheep_mini_moat
D:6:      lemuel_round_altar, dancing_weapons_uskayaw,
          nicolae_ossuary_entry_monument, basic_altar
D:7:      lemuel_round_altar, led_sif_pool, fedhas_altar_4, enter_bailey_2
D:8:      grunt_qazlal_clouds, blue_anna_alchemist, trog_hazing_becter,
          uniq_psyche
D:9:      slow_altar_2, old_standard_altar, orc_0_dummy
D:11:     grunt_lair_entry_orc_guard_hut
Temple:   nicolae_temple_figure_zero
Lair:1:   beast_lair_carwin_large_2, uniq_nergalle
Lair:2:   wad_woods_road_03, serial_bayou_shore_a
Lair:3:   minmay_shoals_entry_centaurs, uniq_snorg
Lair:4:   nicolae_spider_entry_orb_guardian, lab_entry_generic,
          lemuel_another_geyser, infiniplex_staircase_pool_2
Lair:5:   wad_woods_road_05
Lair:6:   gammafunk_lair_ancient_temple, nicolae_slime_entry_slimehenge,
          serial_forest, infiniplex_forest_clump_double,
          infiniplex_forest_clump_medium, infiniplex_forest_end_2,
          infiniplex_forest_fountain, infiniplex_forest_lined_2,
          infiniplex_forest_lined_3_way, infiniplex_forest_clump_long,
          infiniplex_forest_lined_2, infiniplex_forest_lined_room_2,
          minivault_24
Orc:1:    uniq_erolcha
Orc:2:    st_orc_mages, serial_shops, nicolae_shop_stone, shop_fountains,
          elves_outpost_lemuel
Ossuary:  ossuary_minmay_scorpions
Bailey:   bailey_axe_2, bailey
